 Dungeon Crawl Stone Soup version 0.26-a0-757-g626ac9e51a (webtiles) character file.

Game seed: 17944955021602705263

3 miscthings the Sneak (level 1, -1/20 HPs)
             Began as a Palentonga Delver on Nov 8, 2020.
             Slain by a bullfrog zombie (4 damage)
             ... on level 5 of the Dungeon.
             The game lasted 00:00:06 (15 turns).

miscthings the Sneak (Palentonga Delver)              Turns: 15, Time: 00:00:07

Health: -1/20      AC:  4    Str: 15    XL:     1   Next: 41%
Magic:  1/1        EV:  9    Int: 10    God:
Gold:   0          SH:  0    Dex: 11    Spells: 0/0 levels left

rFire    . . .     SeeInvis +   a - +0 hand axe
rCold    . . .     Faith    .   (no shield)
rNeg     . . .     Spirit   .   b - +0 leather armour
rPois    .         Reflect  .   (no helmet)
rElec    .         Harm     .   (no cloak)
rCorr    .         Rampage  .   (no gloves)
MR       .....                  (no barding)
Stlth    ++........             (no amulet)
HPRegen  0.06/turn              (no ring)
MPRegen  0.07/turn              (no ring)

@: no status effects
A: large, rugged brown scales 3, see invisible, deformed body, roll, armoured
tail
a: Rolling Charge


You were on level 5 of the Dungeon.
You visited 1 branch of the dungeon, and saw 1 of its levels.

Inventory:

Hand Weapons
 a - a +0 hand axe (weapon)
Armour
 b - a +0 leather armour (worn)
Wands
 g - a wand of digging (3)
Scrolls
 c - a scroll of fog
 d - a scroll of magic mapping
 e - a scroll of fear
Potions
 f - a potion of haste


   Skills:
 - Level 3.0 Fighting
 + Level 2.3 Axes
 - Level 1.5 Dodging
 - Level 3.3 Stealth


You couldn't memorise any spells.
You didn't know any spells.
Your spell library was empty.

Dungeon Overview and Level Annotations

Branches:
Dungeon (5/15)
 Temple: D:4-7

Altars:


Innate Abilities, Weirdness & Mutations

You are completely covered in rugged brown scales. (AC +3, +7% HP)
You have supernaturally acute eyesight. (SInv)
Armour fits poorly on your strangely shaped body.
You can roll at foes to attack.
You have a long armoured tail.


Message History

The adder skeleton bites you but does no damage.
The bullfrog zombie hits you. The adder skeleton closely misses you.
You closely miss the adder skeleton.
The adder skeleton is severely damaged.
You hit the bullfrog zombie. The bullfrog zombie hits you.
The adder skeleton closely misses you.
The bullfrog zombie hits you but does no damage.
You hit the adder skeleton.
You destroy the adder skeleton!
You barely miss the bullfrog zombie.
The bullfrog zombie hits you but does no damage.
You barely miss the bullfrog zombie.
The bullfrog zombie is lightly damaged.
The bullfrog zombie hits you!
* * * LOW HITPOINT WARNING * * *
The bullfrog zombie closely misses you.
You barely miss the bullfrog zombie. You tail-slap the bullfrog zombie.
The bullfrog zombie is moderately damaged.
The bullfrog zombie hits you.
You die...

#.## #.#
.###... ##.#
.......##..#
#..#..#..##
#......#### .
##........#
...#........#
.#........?.#
......Z@....#
##.......####
#.......#
.........#
#........#
........##
.######.. #.#


You could see a bullfrog zombie.

Vanquished Creatures
  An adder skeleton (D:5)
1 creature vanquished.

Notes
Turn   | Place    | Note
-------+----------+-------------------------------------------
     0 | D:5      | miscthings the Palentonga Delver began the quest for the
                  | Orb.
     0 | D:5      | Reached XP level 1. HP: 20/20 MP: 1/1
    15 | D:5      | Slain by a bullfrog zombie

Illustrated notes

Levels and vault maps discovered:
D:5:      layout_rooms, nicolae_overflow_hidden_temple,
          grunt_temple_overflow_open, minmay_manual_moon

Action                   || total
-------------------------++-------
Melee: Hand axe          ||     9
       Tailslap          ||     2
 Abil: Rolling Charge    ||     1
Armor: Leather armour    ||     4
Dodge: Dodged            ||     6

Table legend: (Time is in decaauts)
 A = Elapsed time spent in this place.
 B = Non-inter-level travel time spent in this place.
 C = Inter-level travel time spent in this place.
 D = Time resting spent in this place.
 E = Time spent auto-exploring this place.
 F = Levels seen in this place.
 G = Mean time per level.
                   A        B        C        D        E       F      G
               +--------+--------+--------+--------+--------+-----+--------+
         Total |     16 |     16 |      0 |      0 |      3 |   1 |   16.0 |
       Dungeon |     16 |     16 |      0 |      0 |      3 |   1 |   16.0 |
               +--------+--------+--------+--------+--------+-----+--------+

Top non-repeatable levels by time:
     D:5: 16 daAuts
